 Dungeon Crawl Stone Soup version 0.30-a0-222-ge547ba4400 (webtiles) character file.

Game seed: 7535825366797752265

2158 sleeves the Basher (level 9, 0/96 HPs)
             Began as a Demonspawn Reaver on Oct 8, 2022.
             Was a Follower of Wu Jian.
             Slain by a killer bee (6 damage)
             ... on level 7 of the Dungeon.
             The game lasted 00:07:04 (6692 turns).

sleeves the Basher (Demonspawn Reaver)              Turns: 6692, Time: 00:07:05

Health: 0/96       AC:  6    Str: 21    XL:     9   Next: 10%
Magic:  12/12      EV: 11    Int: 13    God:    Wu Jian [*.....]
Gold:   369        SH:  4    Dex: 13    Spells: 11/12 levels left

rFire   + . .      SeeInvis .    I - +6 dire flail (vorpal)
rCold   . . .      Faith    .    (shield currently unavailable)
rNeg    . . .      Spirit   .    D - +2 leather armour {rF+}
rPois   .          Reflect  .    (helmet restricted)
rElec   .          Harm     .    (no cloak)
rCorr   .          Rampage  .    r - +0 pair of gloves
Will    .....      Rage     3%   (no boots)
Stlth   ..........               (no amulet)
HPRegen 0.36/turn                (no ring)
MPRegen 0.26/turn                (no ring)

@: berserking, lethally poisoned (0 -> -17), very quick
A: antennae 2, large bone plates 1, ignite blood 2, magic regeneration, hooves
1, thin skeletal structure 1, berserk 1, strong 1
a: Renounce Religion


You were on level 7 of the Dungeon.
You worshipped Wu Jian.
Wu Jian was aware of your devotion.
You visited 2 branches of the dungeon, and saw 8 of its levels.

You collected 369 gold pieces.

Inventory:

Hand Weapons
 a - a +0 mace
 b - a +2 short sword of venom
   (You found it on level 5 of the Dungeon)
 d - a +4 dagger
   (You took it off a kobold on level 1 of the Dungeon)
 I - a +6 vorpal dire flail (weapon)
   (You took it off Edmund on level 6 of the Dungeon)
Missiles
 B - 6 poisoned darts
 E - 3 datura-tipped darts
Armour
 r - a +0 pair of gloves (worn)
   (You found it on level 3 of the Dungeon)
 D - a +2 leather armour of fire resistance (worn)
   (You found it on level 5 of the Dungeon)
Jewellery
 n - a ring of resist corrosion
   (You found it on level 2 of the Dungeon)
Wands
 z - a wand of flame (27) (quivered)
   (You found it on level 4 of the Dungeon)
 G - a wand of paralysis (33)
   (You found it on level 5 of the Dungeon)
Scrolls
 c - 8 scrolls of identify {unknown}
 f - 4 scrolls of butterflies {unknown}
 k - 4 scrolls of fear {unknown}
 l - a scroll of teleportation {unknown}
 m - a scroll of summoning {unknown}
 p - a scroll of silence {unknown}
 s - 3 scrolls of enchant armour {unknown}
 t - 2 scrolls of poison {unknown}
 v - a scroll of magic mapping {unknown}
 w - a scroll of immolation {unknown}
 y - a scroll of enchant weapon {unknown}
 A - a scroll of blinking {unknown}
 C - a scroll of brand weapon {unknown}
 J - a scroll of acquirement {unknown}
Potions
 e - a potion of resistance {unknown}
 g - 2 potions of degeneration
 h - 4 potions of curing
 i - 2 potions of attraction {unknown}
 j - 3 potions of flight {unknown}
 o - a potion of heal wounds {unknown}
 q - a potion of haste {unknown}
 x - a potion of might {unknown}
 F - 3 potions of cancellation {unknown}
 H - a potion of lignification {unknown}


   Skills:
 + Level 3.5 Fighting
 + Level 10.7 Maces & Flails
 + Level 2.3 Armour
 - Level 1.7 Dodging
 - Level 2.0 Spellcasting
 - Level 3.0 Conjurations


You had 11 spell levels left.
You knew the following spells:

 Your Spells              Type           Power      Damage    Failure   Level
a - Kiss of Death         Conj/Necr      20%        2d7       16%         1

Your spell library contained the following spells:

 Spells                   Type           Power      Damage    Failure   Level
 Momentum Strike          Conj/Tloc      10%        3d8       24%         2
 Apportation              Tloc           2%         N/A       28%         1
 Beastly Appendage        Tmut           2%         N/A       28%         1
 Necrotise                Necr           4%         1d4       28%         1
 Summon Small Mammal      Summ           4%         N/A       28%         1
 Wereblood                Tmut           1%         N/A       41%         2
 Hailstorm                Conj/Ice       5%         3d4       43%         3
 Spider Form              Tmut/Pois      1%         N/A       65%         3
 Vampiric Draining        Necr           1%         2d6       65%         3
 Agony                    Necr           1%         N/A       100%        5


Dungeon Overview and Level Annotations

Branches:
Dungeon (7/15)             Temple (1/1) D:6

Altars:
Ashenzari
Cheibriados
Dithmenos
Fedhas
Gozag
Hepliaklqana
Nemelex Xobeh
Okawaru
Qazlal
Ru
Sif Muna
Wu Jian
Xom
Yredelemnul


Innate Abilities, Weirdness & Mutations

You have a pair of antennae on your head.
You are partially covered in large bone plates. (SH +4)
Your demonic aura often causes spilled blood to erupt in flames.
You regenerate magic rapidly.
You have large cloven feet.
You have a somewhat thin skeletal structure. (Dex +2, Stealth+)
You sometimes lose your temper in combat.
Your muscles are strong. (Str +4, Int/Dex -1)


Message History

The killer bee is moderately wounded.
The killer bee stings you but does no damage.
The killer bee stings you.
You are poisoned.
The killer bee poisons you!
You miss the killer bee. Your kick misses the killer bee.
The killer bee is moderately wounded.
You feel very sick.
The killer bee stings you but does no damage.
The killer bee stings you.
You hit the killer bee. Your kick misses the killer bee.
The killer bee is moderately wounded.
You feel sick.
The killer bee stings you but does no damage.
The killer bee completely misses you.
You hit the killer bee.
You kick the killer bee, but do no damage.
The killer bee is heavily wounded.
You feel sick.
The killer bee stings you but does no damage.
The killer bee stings you.
You are more poisoned.
The killer bee poisons you!
You miss the killer bee. Your kick misses the killer bee.
The killer bee is heavily wounded.
You feel very sick. The killer bee stings you!
* * * LOW HITPOINT WARNING * * *
You are more poisoned.
The killer bee poisons you!
Something hits the bush but does no damage.
Something kicks the bush.
The killer bee stings you but does no damage.
You are too injured to fight recklessly!
You are too injured to fight recklessly!
You hit the killer bee.
The killer bee is poisoned.
Your kick misses the killer bee.
The killer bee is severely wounded.
* * * LOW HITPOINT WARNING * * *
You feel very sick.
You kill the killer bee!
You feel your dexterity returning.
Your Maces & Flails skill increases to level 8!
* * * LOW HITPOINT WARNING * * *
You feel very sick.
Something completely misses the bush.
Something kicks the bush but does no damage.
You feel very sick.
Something hits the bush but does no damage.
Something kicks the bush but does no damage.
There is a stone staircase leading down, spattered with blood here.
You feel sick.
Something hits the bush but does no damage.
Something kicks the bush but does no damage.
Something hits the bush.
Something kicks the bush but does no damage.
You climb downwards.
You feel very sick.
There is a stone staircase leading up here.
You start resting.
You feel sick. x6
You are no longer poisoned.
You start resting.
HP restored.
You climb upwards.
Something hits the bush but does no damage.
Something kicks the bush.
There is a stone staircase leading down, spattered with blood here.
Search for what [Enter for "wu", or ? for help]?
You open the door.
There is an open door here.
You now have 213 gold pieces (gained 13).
There is an ornate altar of the Wu Jian Council here.
You kneel at the altar of Wu Jian.
The Council welcomes you!
You can now perform damaging attacks by moving towards foes.
You now have 223 gold pieces (gained 10).
You now have 230 gold pieces (gained 7).
You now have 248 gold pieces (gained 18).
You now have 258 gold pieces (gained 10).
You now have 268 gold pieces (gained 10).
You now have 277 gold pieces (gained 9).
You now have 287 gold pieces (gained 10).
There is an ornate altar of the Wu Jian Council here.
There is an open door here.
F - 3 purple potions
G - a wand of paralysis (8)
The centaur hits the bush but does no damage.
The centaur kicks the bush.
A centaur is nearby!
A centaur is nearby!
No reachable target in view!
No reachable target in view!
Okay, then.
The centaur shouts!
The centaur wields a +0 shortbow.
The centaur shoots an arrow.
The arrow hits you but does no damage.
The centaur unwields a +0 shortbow.
The centaur hits the bush but does no damage.
The centaur kicks the bush.
The centaur hits the bush but does no damage.
The centaur kicks the bush but does no damage.
Something hits the bush.
Something kicks the bush but does no damage.
Something hits the bush.
Something kicks the bush but does no damage.
The centaur wields a +0 shortbow.
The centaur shoots an arrow.
The arrow misses you.
A centaur is nearby!
A centaur is nearby!
The centaur shoots an arrow.
The arrow hits you!
The centaur unwields a +0 shortbow.
The centaur hits the bush but does no damage.
The centaur kicks the bush but does no damage.
You see here a wand of paralysis (10).
G - a wand of paralysis (18) (gained 10 charges)
The centaur wields a +0 shortbow.
The centaur shoots an arrow.
The arrow hits you.
The centaur unwields a +0 shortbow.
The centaur hits the bush.
The centaur kicks the bush but does no damage.
The centaur wields a +0 shortbow.
The centaur shoots an arrow.
The arrow barely misses you.
The centaur shoots an arrow.
The arrow closely misses you.
Something hits the bush but does no damage.
Something kicks the bush.
You start resting.
HP restored.
Something hits the bush.
Something kicks the bush but does no damage.
Something hits the bush but does no damage.
Something kicks the bush but does no damage.
Something hits the bush but does no damage.
Something kicks the bush but does no damage.
Something hits the bush but does no damage.
Something kicks the bush but does no damage.
Something hits the bush.
Something kicks the bush but does no damage.
Something hits the bush but does no damage.
Something kicks the bush but does no damage.
Something hits the bush but does no damage.
Something kicks the bush but does no damage.
Something hits the bush but does no damage.
Something kicks the bush but does no damage.
Something hits the bush.
Something kicks the bush.
Found a stone staircase leading down.
Something hits the bush but does no damage.
Something kicks the bush but does no damage.
H - a viscous inky potion Something hits the bush but does no damage.
Something kicks the bush but does no damage.
Something hits the bush but does no damage.
Something kicks the bush but does no damage.
You now have 294 gold pieces (gained 7).
A centaur is nearby!
Found 4 stones.
The centaur wields a +0 shortbow.
The centaur shoots an arrow.
The arrow hits you.
The centaur shoots an arrow.
The arrow misses you.
The centaur shoots an arrow.
The arrow hits you.
The centaur shoots an arrow.
The arrow hits you!
You hit the centaur.
The centaur is poisoned.
The centaur is lightly wounded.
The centaur unwields a +0 shortbow.
The centaur closely misses you. The centaur barely misses you.
You closely miss the centaur. You kick the centaur.
The centaur is moderately wounded.
The centaur hits you.
The centaur kicks you but does no damage.
You are too injured to fight recklessly!
You are too injured to fight recklessly!
You are too injured to fight recklessly!
You closely miss the centaur.
The centaur is moderately wounded.
The centaur hits you but does no damage.
The centaur kicks you but does no damage.
A scorpion comes into view.
The centaur misses you.
The centaur kicks you but does no damage.
You hit the centaur.
The centaur looks as sick as possible!
You kick the centaur, but do no damage.
The centaur is heavily wounded.
You block the centaur's attack.
The centaur kicks you but does no damage.
You barely miss the centaur.
The centaur is heavily wounded.
You block the centaur's attack. The centaur completely misses you.
The centaur misses you.
The centaur kicks you but does no damage.
You hit the scorpion. Your kick misses the scorpion.
The scorpion is moderately wounded.
The centaur misses you. x2; The scorpion stings you.
You hit the scorpion.
The scorpion is poisoned.
Your kick misses the scorpion.
The scorpion is moderately wounded.
You block the centaur's attack.
The centaur kicks you but does no damage.
The scorpion closely misses you. The centaur barely misses you.
The centaur kicks you but does no damage.
You hit the scorpion but do no damage.
The scorpion is heavily wounded.
The centaur hits you but does no damage.
The centaur kicks you but does no damage.
You block the scorpion's attack.
You hit the scorpion but do no damage.
The scorpion looks as sick as possible!
You kick the scorpion, but do no damage.
The scorpion is heavily wounded.
You kill the centaur!
The Council accepts your kill. You block the scorpion's attack.
You feel your strength returning.
You hit the scorpion. You kick the scorpion.
The scorpion is almost dead.
You kill the scorpion!
The Council accepts your kill.
You feel your intelligence returning.
A scorpion comes into view.
Things that are here:
a +0 shortbow; 12 gold pieces A scorpion is nearby!
A scorpion is nearby!
You closely miss the scorpion.
You kick the scorpion, but do no damage.
The scorpion closely misses you. The scorpion stings you.
You hit the scorpion but do no damage.
The scorpion is poisoned.
Your kick misses the scorpion. The scorpion misses you.
You hit the scorpion.
The scorpion looks even sicker.
Your kick misses the scorpion.
The scorpion is moderately wounded.
The scorpion closely misses you.
You hit the scorpion but do no damage.
The scorpion looks as sick as possible!
Your kick misses the scorpion.
The scorpion is heavily wounded.
The scorpion barely misses you.
You barely miss the scorpion.
The scorpion is severely wounded.
You kill the scorpion!
The Council accepts your kill.
No target in view!
No target in view!
No target in view!
No target in view!
You now have 306 gold pieces (gained 12).
You see here a +0 shortbow.
A gnoll comes into view. It is wielding a +0 spear.
A gnoll is nearby!
A gnoll is nearby!
A gnoll comes into view. It is wielding a +0 flail of draining.
A gnoll comes into view. It is wielding a +0 spear.
The gnoll shouts!
The gnoll shouts!
You lunge at the gnoll.
You hit the gnoll.
The gnoll is poisoned.
You kick the gnoll.
The gnoll is moderately wounded.
The gnoll hits you but does no damage.
The gnoll shouts!
You hit the gnoll.
The gnoll looks as sick as possible!
The gnoll is severely wounded.
You kill the gnoll!
The Council accepts your kill. The gnoll barely misses you.
You hit the gnoll but do no damage. You kick the gnoll.
The gnoll is lightly wounded.
The gnoll hits you but does no damage.
You feel drained.
You hit the gnoll but do no damage.
The gnoll is lightly wounded.
You block the gnoll's attack.
The gnoll hits you with a +0 flail of draining.
You feel drained. The gnoll hits you but does no damage.
You feel drained. The gnoll attacks as you move away!
The gnoll closely misses you. The gnoll attacks as you move away!
The gnoll barely misses you. The gnoll attacks as you move away!
You block the gnoll's attack.
You barely miss the gnoll. You kick the gnoll, but do no damage.
The gnoll is lightly wounded.
The gnoll hits you from afar with a +0 spear.
The gnoll hits you with a +0 flail of draining!
You feel drained.
A red film seems to cover your vision as you go berserk!
You feel yourself moving faster!
You feel mighty!
You puncture the gnoll!
You kill the gnoll!
The Council accepts your kill. The gnoll hits you but does no damage.
The gnoll closely misses you.
You see here a +0 flail of draining.
You puncture the gnoll!
The gnoll is poisoned.
You kick the gnoll.
You kill the gnoll!
The Council accepts your kill.
Things that are here:
a +0 spear; a gnoll corpse You feel a strong urge to attack something.
You start resting.
You feel your anger nearly subside.
You are no longer berserk.
You are exhausted.
You feel yourself slow down.
You start resting.
HP restored.
You start waiting.
You feel yourself speed up.
You start waiting.
You recover from your berserk rage.
Things that are here:
a +0 spear; a gnoll corpse You see here a +0 flail of draining.
You see here a +0 chain mail.
You see here a +0 flail of draining.
Things that are here:
a +0 spear; a gnoll corpse
Found an escape hatch in the floor.
There is an escape hatch in the floor here.
An ogre comes into view. It is wielding a +0 giant spiked club.
The ogre shouts!
An ogre is nearby!
An ogre is nearby!
You lunge at the ogre.
You barely miss the ogre. The ogre barely misses you.
You hit the ogre. You kick the ogre.
The ogre is moderately wounded.
The ogre hits you with a +0 giant spiked club!!
You are too injured to fight recklessly!
You are too injured to fight recklessly!
You are too injured to fight recklessly!
You are too injured to fight recklessly!
You are too injured to fight recklessly!
You are too injured to fight recklessly!
You are too injured to fight recklessly!
You are too injured to fight recklessly!
You are too injured to fight recklessly!
You hit the ogre.
The ogre is poisoned.
Your kick misses the ogre.
The ogre is moderately wounded.
You hit the ogre.
The ogre looks as sick as possible!
You punch the ogre.
The ogre is severely wounded.
The ogre closely misses you.
You hit the ogre.
The ogre looks as sick as possible!
The ogre is severely wounded.
You block the ogre's attack.
You hit the ogre.
The ogre looks as sick as possible!
Your kick misses the ogre.
The ogre is almost dead.
You hit the ogre.
The ogre looks as sick as possible!
The ogre is almost dead.
You kill the ogre!
The Council accepts your kill.
You feel your strength returning.
Your Maces & Flails skill increases to level 9!
You have reached level 8!
You feel stronger.
Your demonic ancestry asserts itself...
Your magic begins to regenerate rapidly.
HP restored.
Found an escape hatch in the ceiling.
You see here a staff of conjuration.
s - 2 scrolls labelled HOSEMOFIEPN (gained 1)
An iguana comes into view.
An iguana is nearby!
The iguana hisses angrily.
No target in view!
No target in view!
No target in view!
No target in view!
No target in view!
No target in view!
No target in view!
No target in view!
No target in view!
No target in view!
No target in view!
An iguana is nearby!
The iguana bites you!
You closely miss the iguana. The iguana misses you.
You closely miss the iguana. You kick the iguana, but do no damage.
The iguana bites you.
You hit the iguana.
The iguana is poisoned.
You kick the iguana.
The iguana is heavily wounded.
The iguana bites you but does no damage.
You hit the iguana.
The iguana looks even sicker.
The iguana is severely wounded.
The iguana barely misses you.
You completely miss the iguana. Your kick misses the iguana.
The iguana is severely wounded.
The iguana closely misses you.
You closely miss the iguana. You kick the iguana, but do no damage.
The iguana is almost dead.
You block the iguana's attack.
You hit the iguana but do no damage.
The iguana looks as sick as possible!
The iguana is almost dead.
You block the iguana's attack.
You hit the iguana.
You kill the iguana!
The Council accepts your kill.
Your life force feels restored.
No target in view!
Found 5 javelins.
You see here a +0 halberd.
j - 3 grey potions (gained 1)
You see here a +0 spear.
Done exploring.
Done exploring.
Done exploring.
No target in view!
Done exploring.
Done exploring.
(D) Dungeon (T) Temple
Where to? (Enter - D:5 @ (x,y), ? - help)
There is a stone staircase leading down, spattered with blood here.
You climb downwards.
There is a stone staircase leading up here.
Unknown command.
An iguana comes into view.
An iguana is nearby!
The iguana hisses angrily.
A scorpion comes into view.
You hit the iguana but do no damage.
The iguana is poisoned.
You kick the iguana, but do no damage. The iguana closely misses you.
You hit the iguana but do no damage.
The iguana looks even sicker.
The iguana is lightly wounded.
You block the iguana's attack.
You hit the iguana.
The iguana looks as sick as possible!
Your kick misses the iguana.
The iguana is moderately wounded.
The iguana bites you!
You hit the iguana but do no damage.
The iguana looks as sick as possible!
The iguana is severely wounded.
You kill the iguana!
The Council accepts your kill.
You hit the scorpion.
The scorpion is poisoned.
The scorpion is moderately wounded.
The scorpion barely misses you.
You hit the scorpion but do no damage.
You kick the scorpion, but do no damage.
The scorpion is heavily wounded.
The scorpion barely misses you.
You hit the scorpion but do no damage.
The scorpion looks as sick as possible!
The scorpion is heavily wounded.
The scorpion barely misses you.
The scorpion stings you but does no damage.
You hit the scorpion. You kick the scorpion.
You kill the scorpion!
The Council accepts your kill.
You feel your strength returning.
No target in view!
No target in view!
No target in view!
No target in view!
No target in view!
No target in view!
No target in view!
No target in view!
No target in view!
No target in view!
HP restored.
A shadow imp comes into view.
Found a book of Cantrips.
Found a hazy altar of Hepliaklqana.
A shadow imp is nearby!
A shadow imp is nearby!
Edmund the Younger comes into view.
He is wielding a +6 vorpal dire flail.
Edmund shouts!
The shadow imp shouts!
You see here a book of Cantrips.
A black bear comes into view.
The black bear growls angrily.
You closely miss the shadow imp. Your kick misses the shadow imp.
Your punch misses the shadow imp. The shadow imp closely misses you.
The shadow imp attacks as you move away!
The shadow imp hits you but does no damage.
The shadow imp attacks as you move away!
The shadow imp closely misses you.
You see here 2 poisoned darts.
You hit the shadow imp.
The shadow imp is heavily wounded.
The shadow imp gestures at you. Pain shoots through your body!
You hit the shadow imp.
The shadow imp is almost dead.
The shadow imp completely misses you.
You hit the shadow imp.
You kill the shadow imp!
The Council accepts your kill.
You barely miss Edmund. You kick Edmund.
Edmund is lightly wounded.
Edmund hits you with a +6 vorpal dire flail.
You hit Edmund.
Edmund is lightly wounded.
Edmund hits you but does no damage.
You hit Edmund.
Edmund is poisoned.
You kick Edmund.
Edmund is moderately wounded.
Edmund is engulfed in blazing flames.
Edmund misses you.
You hit Edmund.
Edmund looks as sick as possible!
Your kick misses Edmund.
Edmund is heavily wounded.
Edmund is engulfed in blazing flames.
You kill Edmund!
The Council accepts your kill.
You completely miss the black bear. You kick the black bear.
The black bear is lightly wounded.
The black bear is engulfed in blazing flames.
The black bear bites you. The black bear closely misses you.
The black bear claws you.
You hit the black bear. You kick the black bear.
The black bear is almost dead.
The black bear is engulfed in blazing flames.
You kill the black bear!
The Council accepts your kill.
No target in view!
No target in view!
Things that are here:
a +6 vorpal dire flail; a +0 ring mail
I - a +6 vorpal dire flail Your +2 short sword of venom stops dripping with poison.
I - a +6 vorpal dire flail (weapon)
B - 6 poisoned darts (gained 2)
You pick up a book of Cantrips and begin reading...
You add the spells Summon Small Mammal and Apportation to your library.
There is a hazy altar of Hepliaklqana here.
You sense a monster nearby.
A black bear comes into view.
The black bear growls angrily.
You see here 10 gold pieces.
An adder comes into view.
A black bear comes into view.
The black bear growls angrily.
The adder hisses angrily.
Found 11 gold pieces.
Found a stone staircase leading down.
You lunge at the black bear.
You bludgeon the black bear!!
You kill the black bear!
The Council accepts your kill.
The black bear is engulfed in blazing flames.
The black bear barely misses you. x2; The black bear closely misses you.
Your Maces & Flails skill increases to level 10!
The adder attacks as you move away! The adder closely misses you.
The black bear is engulfed in blazing flames.
You miss the adder. Your kick misses the adder. The adder bites you.
You are poisoned.
The adder poisons you!
The black bear is engulfed in blazing flames.
You kill the black bear!
The Council accepts your kill.
You bludgeon the adder!!
You kill the adder!
The Council accepts your kill.
You feel sick.
No target in view!
No target in view!
You feel sick.
You feel sick.
You feel sick.
You feel sick.
You feel sick.
You are no longer poisoned.
You now have 316 gold pieces (gained 10).
You see here an adder corpse.
You see here a black bear corpse.
You now have 327 gold pieces (gained 11).
A centaur zombie comes into view.
The centaur zombie moves out of view.
A centaur zombie is nearby!
The centaur zombie misses you.
The centaur zombie kicks you but does no damage.
The centaur zombie hits you but does no damage.
The centaur zombie kicks you but does no damage.
You hit the centaur zombie but do no damage.
You block the centaur zombie's attack. The centaur zombie misses you.
You hit the centaur zombie.
The centaur zombie is lightly damaged.
The centaur zombie closely misses you.
The centaur zombie kicks you but does no damage.
You sock the centaur zombie!
The centaur zombie is severely damaged.
You block the centaur zombie's attack.
The centaur zombie kicks you but does no damage.
You sock the centaur zombie!
You destroy the centaur zombie!
The Council accepts your kill.
No target in view!
A killer bee zombie comes into view.
A killer bee zombie is nearby!
A killer bee zombie is nearby!
A killer bee zombie is nearby!
Found a basalt altar of Yredelemnul.
The killer bee zombie closely misses you.
You closely miss the killer bee zombie. Your kick misses the killer bee zombie.
You block the killer bee zombie's attack.
The killer bee zombie closely misses you.
You puncture the killer bee zombie! You kick the killer bee zombie.
The killer bee zombie is severely damaged.
The killer bee zombie hits you but does no damage.
You sock the killer bee zombie!
You destroy the killer bee zombie!
The Council accepts your kill.
No target in view!
No target in view!
No target in view!
No target in view!
No target in view!
No target in view!
No target in view!
No target in view!
No target in view!
No target in view!
You see here a scroll labelled MECAUF ZUHI.
A steam dragon is nearby!
A steam dragon is nearby!
The steam dragon hisses angrily.
The steam dragon breathes steam at you. The ball of steam hits you. You resist.
You hear an angry growl.
A black bear comes into view.
You lunge at the steam dragon.
You puncture the steam dragon!
You kick the steam dragon, but do no damage.
The steam dragon is severely wounded.
The steam dragon is engulfed in blazing flames.
You kill the steam dragon!
The Council accepts your kill.
You can now lightly attack monsters by moving around them.
Your Armour skill increases to level 1!
The black bear bites you.
The black bear claws you but does no damage. x2
There is a stone staircase leading up here.
You puncture the black bear! Your kick misses the black bear.
The black bear is moderately wounded.
The black bear is engulfed in blazing flames.
The black bear closely misses you.
The black bear claws you but does no damage.
The black bear claws you.
You puncture the black bear!
You kill the black bear!
The Council accepts your kill.
No target in view!
A necrophage comes into view.
A necrophage is nearby!
A necrophage is nearby!
A necrophage is nearby!
Found 2 stones.
You see here a black bear corpse.
You hit the necrophage.
The necrophage is lightly damaged.
The necrophage hits you.
You feel drained.
You thump the necrophage!
The necrophage is severely damaged.
An iguana comes into view.
The necrophage hits you but does no damage.
There are monsters nearby!
The iguana hisses angrily.
You puncture the necrophage!
You destroy the necrophage!
The Council accepts your kill.
Your life force feels restored.
Your Fighting skill increases to level 3!
An iguana is nearby!
You lunge at the iguana.
You bludgeon the iguana!!
You kill the iguana!
The Council accepts your kill.
No target in view!
No target in view!
You see here a necrophage corpse.
t - 2 scrolls labelled UNAGGEHUEG (gained 1)
You now have 344 gold pieces (gained 17).
G - a wand of paralysis (33) (gained 15 charges)
J - a scroll labelled MECAUF ZUHI You see here a black bear corpse.
You see here a black bear corpse.
Found a stone staircase leading down.
Found a sparkling altar of Nemelex Xobeh.
No target in view!
No target in view!
You now have 353 gold pieces (gained 9).
An adder and a scorpion come into view.
There are monsters nearby!
There are monsters nearby!
There are monsters nearby!
The adder hisses angrily.
You lunge at the scorpion.
You barely miss the scorpion. The scorpion stings you.
The adder barely misses you.
You closely miss the scorpion. You kick the scorpion.
The scorpion is lightly wounded.
The scorpion stings you. The adder closely misses you.
You closely miss the scorpion.
The scorpion is lightly wounded.
The scorpion closely misses you. The adder bites you but does no damage.
You thump the scorpion!
The scorpion is severely wounded.
The scorpion stings you. The adder bites you but does no damage.
You hit the scorpion.
The scorpion is almost dead.
The adder completely misses you. The scorpion stings you.
You hit the scorpion.
You kill the scorpion!
The Council accepts your kill. The adder bites you.
You puncture the adder!
You kill the adder!
The Council accepts your kill.
No target in view!
No target in view!
No target in view!
No target in view!
No target in view!
Done exploring.
Done exploring.
Done exploring.
No target in view!
No target in view!
No target in view!
No target in view!
(D) Dungeon (T) Temple
Where to? (Enter - D:6, ? - help)
Okay, then.
Search for what [Enter for "wu", or ? for help]? armor Done exploring.
Done exploring.
Okay, then.
Done exploring.
Done exploring.
(D) Dungeon (T) Temple
Where to? (Enter - D:6, ? - help)
There is a stone staircase leading down here.
You climb downwards.
Found 3 stones.
There is a stone staircase leading up here.
A scorpion is nearby!
A scorpion is nearby!
A scorpion is nearby!
A scorpion is nearby!
The helpless scorpion fails to defend itself.
You impale the scorpion!!
You kill the scorpion!
The Council accepts your kill.
Your Armour skill increases to level 2!
You have reached level 9!
Your experience leads to an increase in your attributes!
Your base attributes are Str 15, Int 14, Dex 12.
Increase (S)trength, (I)ntelligence, or (D)exterity?
You feel stronger. x2
You see here 3 stones.
s - 3 scrolls labelled HOSEMOFIEPN (gained 1)
An orc comes into view. It is wielding a +0 hand axe.
An orc is nearby!
An orc is nearby!
An orc is nearby!
An orc comes into view. It is wielding a +0 flail.
The orc shouts! x2; You hear a shout! 2 orcs come into view.
The orc shouts!
An orc comes into view. It is wielding a +0 flail.
The orc shouts!
You hit the orc.
You kill the orc!
The Council accepts your kill.
You barely miss the orc. Your kick misses the orc.
The orc hits you with a +0 flail.
You impale the orc!!
You kill the orc!
The Council accepts your kill.
Found a stone staircase leading down.
You lunge at the orc.
You hit the orc. You kick the orc.
The orc is heavily wounded.
Things that are here:
a +0 hand axe; a +0 leather armour; an orc corpse You thump the orc!
You kill the orc!
The Council accepts your kill.
You hit the orc. You kick the orc.
The orc is almost dead.
You block the orc's attack.
You closely miss the orc. You kick the orc, but do no damage.
The orc is almost dead.
The orc hits you but does no damage.
An orc comes into view. It is wielding a +0 vorpal hand axe.
The orc hits you with a +0 flail.
You barely miss the orc. Your kick misses the orc.
The orc is almost dead.
The orc barely misses you. x2
You thump the orc!
You kill the orc!
The Council accepts your kill.
You bludgeon the orc!!
You kill the orc!
The Council accepts your kill.
An orc comes into view. It is wielding a +0 hand axe.
An orc comes into view. It is wielding a +0 club.
The orc shouts!
The orc moves out of view.
The orc shouts!
You hear a shout! x2
You puncture the orc!
You kill the orc!
The Council accepts your kill.
Things that are here:
a +0 vorpal hand axe; an orc corpse
There are monsters nearby!
There are monsters nearby!
The orc closely misses you.
You sock the orc!
You kill the orc!
The Council accepts your kill.
You closely miss the orc. Your kick misses the orc. You thump the orc!
You kill the orc!
The Council accepts your kill.
No target in view!
No target in view!
An orc comes into view. It is wielding a +0 flail.
An orc comes into view. It is wielding a +0 flail.
The orc completely misses you.
The orc shouts!
You hit the orc. You kick the orc.
The orc is severely wounded.
The orc barely misses you.
You barely miss the orc. You kick the orc.
The orc is severely wounded.
The orc closely misses you.
You closely miss the orc. You kick the orc, but do no damage.
The orc is severely wounded.
The orc hits you but does no damage.
You sock the orc!
You kill the orc!
The Council accepts your kill.
You hit the orc but do no damage. The orc closely misses you.
You bludgeon the orc!!
You kill the orc!
The Council accepts your kill.
No target in view!
No target in view!
No target in view!
No target in view!
HP restored.
f - 4 scrolls labelled HUVIH ACLOYH (gained 1)
You see here a +0 flail.
An orc comes into view. It is wielding a +0 falchion.
The orc shouts!
You hear a shout!
An orc wizard comes into view. It is wielding a +0 dagger.
There are monsters nearby!
There are monsters nearby!
There are monsters nearby!
An orc wizard and an orc come into view.
The orc throws a boomerang.
The boomerang completely misses you.
The orc wizard mumbles some strange words.
The orc wizard flickers and vanishes!
Deactivating autopickup; reactivate with Ctrl-A.
The orc wizard shouts!
The orc shouts!
You hit the orc. You kick the orc.
The orc is almost dead.
The orc hits you but does no damage.
You bludgeon the orc!!
You kill the orc!
The Council accepts your kill. Something hits you but does no damage.
The orc wizard gestures at you while chanting.
Things that are here:
a +0 falchion; 2 boomerangs You sock something!
Your kick misses something. You puncture something!
The Council accepts your kill.
Reactivating autopickup.
You feel a bit more experienced.
The orc wizard gestures at you while chanting.
The puff of flame hits you. You resist.
You hit the orc. You kick the orc, but do no damage.
The orc is moderately wounded.
The orc misses you.
You thump the orc!
You kill the orc!
The Council accepts your kill.
You barely miss the orc wizard. You kick the orc wizard.
The orc wizard is moderately wounded.
You block the orc wizard's attack.
A red film seems to cover your vision as you go berserk!
You feel yourself moving faster!
You feel mighty!
You thump the orc wizard!
You kill the orc wizard!
The Council accepts your kill.
No target in view!
No target in view!
No target in view!
No target in view!
Calm down first, please.
Calm down first, please.
Calm down first, please.
You feel a strong urge to attack something.
You feel your anger nearly subside.
You are no longer berserk.
You are exhausted.
You feel yourself slow down.
Found a stone staircase leading up.
Found a stone staircase leading up.
You feel yourself speed up.
You now have 362 gold pieces (gained 9).
You recover from your berserk rage.
Found a robe.
You now have 369 gold pieces (gained 7).
Found a quarterstaff.
No target in view!
No target in view!
Found a whip.
Found a stone staircase leading down.
A hound comes into view.
Found a curved fluorescent wand.
Found 15 gold pieces.
An orc comes into view. It is wielding a +0 dagger.
An orc comes into view. It is wielding a +0 flail.
An orc comes into view. It is wielding a +0 whip.
An orc comes into view. It is wielding a +0 club.
An orc wizard and a killer bee come into view.
The hound barks!
The orc shouts! x2; The killer bee buzzes angrily.
You hear an angry buzzing noise.
The orc wizard shouts!
The orc shouts!
You hit the orc but do no damage.
A killer bee comes into view.
The orc completely misses you.
You bludgeon the hound!!
You kill the hound!
The Council accepts your kill.
You puncture the orc!
You kill the orc!
The Council accepts your kill.
A killer bee comes into view.
The orc wizard gestures wildly while chanting.
The orc wizard flickers and vanishes!
Deactivating autopickup; reactivate with Ctrl-A.
The killer bee barely misses you.
The killer bee stings you but does no damage.
You miss the killer bee.
The killer bee buzzes angrily.
You kick the killer bee.
The killer bee is moderately wounded.
You hear a loud, deep croak!
Something shouts, "Accept thy doom, thou pandering fat-kidneyed vulture!"
An orc comes into view. It is wielding a +0 trident.
The killer bee stings you! The killer bee stings you.
You are poisoned.
The killer bee poisons you!
A bullfrog comes into view.
You completely miss the killer bee.
The orc shouts!
The bullfrog gives a loud, deep croak!
Your kick misses the killer bee.
The killer bee is moderately wounded.
You feel sick. The killer bee closely misses you.
The killer bee stings you but does no damage.
The orc hits you with a +0 flail.
You sock the killer bee!
You kill the killer bee!
The Council accepts your kill.
You feel sick. You block the killer bee's attack. The killer bee misses you.
The killer bee barely misses you. The killer bee stings you.
You are more poisoned.
The killer bee poisons you! You block the orc's attack.
A shadow imp comes into view.
You closely miss the killer bee.
You feel sick.
The killer bee stings you but does no damage.
You block the killer bee's attack.
You barely miss the killer bee. You kick the killer bee.
The killer bee is lightly wounded.
You feel sick. The killer bee completely misses you. The killer bee stings you.
You are more poisoned.
The killer bee poisons you! The orc hits you with a +0 flail.
The orc hits you with a +0 club.
* * * LOW HITPOINT WARNING * * *
The killer bee closely misses you. The killer bee stings you.
* * * LOW HITPOINT WARNING * * *
You are lethally poisoned!
The killer bee poisons you!
You are too injured to fight recklessly!
You are too injured to fight recklessly!
You are too injured to fight recklessly!
You are too injured to fight recklessly!
You are too injured to fight recklessly!
You are too injured to fight recklessly!
You are too injured to fight recklessly!
You are too injured to fight recklessly!
You are too injured to fight recklessly!
You are too injured to fight recklessly!
You feel better. The killer bee barely misses you. x2
The orc hits you with a +0 flail.
* * * LOW HITPOINT WARNING * * *
Something hits you.
* * * LOW HITPOINT WARNING * * *
The orc hits you with a +0 whip.
* * * LOW HITPOINT WARNING * * *
The orc hits you but does no damage. The killer bee completely misses you.
The killer bee misses you.
A red film seems to cover your vision as you go berserk!
You feel yourself moving faster!
You feel mighty! The killer bee stings you!
* * * LOW HITPOINT WARNING * * *
You are poisoned.
The killer bee poisons you! The killer bee barely misses you.
The orc closely misses you. Something hits you.
* * * LOW HITPOINT WARNING * * *
The orc hits you but does no damage. The orc closely misses you.
The killer bee stings you.
* * * LOW HITPOINT WARNING * * *
You are more poisoned.
The killer bee poisons you!
The killer bee stings you but does no damage.
You sock the killer bee!
The killer bee is almost dead.
You feel sick. The bullfrog hits you.
* * * LOW HITPOINT WARNING * * *
The killer bee barely misses you. The killer bee stings you!
* * * LOW HITPOINT WARNING * * *
You are lethally poisoned!
The killer bee poisons you! The orc hits you with a +0 flail.
* * * LOW HITPOINT WARNING * * *
A sky beast comes into view.
The orc hits you but does no damage. Something hits you.
* * * LOW HITPOINT WARNING * * *
The orc hits you but does no damage.
You closely miss the killer bee. Your kick misses the killer bee.
* * * LOW HITPOINT WARNING * * *
You feel very sick.
The bullfrog hits you but does no damage.
The killer bee stings you.
You die...

... Y.........#..# ..###
.............#. #...###
............... ##......
.............####..)....
....5.........##.......)
...............##.......
.....oyFy...............
......o@.$.#........#...
......{oo=##.....#.##...
....................#..#
...........#...........#
#..........#............
###......./##..##......#
##......####..#......#
.........# ##...###
...#.###.## .........#
#...# ......##....


You could see a sky beast, a bullfrog, 2 killer bees, a shadow imp and 4 orcs.

Vanquished Creatures
  A steam dragon (D:6)
  Edmund (D:6)
  4 black bears (D:6)
  A sky beast (D:6)
  An ice beast (D:5)
  An ogre (D:5)
  A centaur (D:5)
  A necrophage (D:6)
  6 scorpions
  5 killer bees
  A centaur zombie (D:6)
  A hound (D:7)
  A jelly (D:6)
  A gnoll bouda (D:4)
  3 iguanas
  3 orc wizards
  A killer bee zombie (D:6)
  8 gnolls (D:5)
  11 adders
  A shadow imp (D:6)
  A white imp (D:6)
  2 ufetubi
  2 worms (D:4)
  2 dart slugs
  19 orcs
  9 endoplasms
  A giant cockroach (D:2)
  7 goblins
  A hobgoblin (D:1)
  3 jackals (D:1)
  2 quokkas (D:1)
  2 ball pythons
  8 bats
  3 frilled lizards
  8 kobolds
  6 rats
129 creatures vanquished.

Vanquished Creatures (others)
  A bush (D:5)
1 creature vanquished.

Grand Total: 130 creatures vanquished

Notes
Turn   | Place    | Note
-------+----------+-------------------------------------------
     0 | D:1      | sleeves the Demonspawn Reaver began the quest for the Orb.
     0 | D:1      | Reached XP level 1. HP: 16/16 MP: 3/3
     8 | D:1      | Found a faded altar of an unknown god.
   167 | D:1      | Reached skill level 3 in Maces & Flails
   229 | D:1      | Gained mutation: You are partially covered in large bone
                  | plates. (SH +4) [demonic ancestry]
   229 | D:1      | Reached XP level 2. HP: 13/22 MP: 5/5
   232 | D:1      | HP: 11/22 [jackal (1)]
   295 | D:1      | You fall into a shaft and drop 1 floor!
   798 | D:1      | Gained mutation: You have a pair of small antennae on your
                  | head. [demonic ancestry]
   798 | D:1      | Reached XP level 3. HP: 26/27 MP: 6/6
  1097 | D:2      | Found a shadowy altar of Dithmenos.
  1109 | D:2      | Reached skill level 4 in Maces & Flails
  1647 | D:3      | Found a snail-covered altar of Cheibriados.
  1647 | D:3      | Found a hazy altar of Hepliaklqana.
  1823 | D:3      | Found a shimmering altar of Xom.
  1920 | D:3      | Reached XP level 4. HP: 22/33 MP: 7/7
  2538 | D:4      | Reached skill level 5 in Maces & Flails
  2853 | D:4      | HP: 16/33 [endoplasm (1)]
  3164 | D:4      | Gained mutation: Your demonic aura sometimes causes spilled
                  | blood to erupt in flames. [demonic ancestry]
  3164 | D:4      | Reached XP level 5. HP: 31/38 MP: 8/8
  3172 | D:4      | HP: 19/38 [worm (9)]
  3179 | D:4      | HP: 17/38 [orc/+0 dagger (1)]
  3528 | D:5      | Entered Level 5 of the Dungeon
  3528 | D:5      | Noticed a centaur
  3594 | D:5      | HP: 18/38 [something (4)]
  3595 | D:5      | HP: 8/38 [something (10)]
  3696 | D:5      | Noticed an ice beast
  3703 | D:5      | Killed an ice beast
  3704 | D:5      | Reached skill level 6 in Maces & Flails
  3714 | D:5      | Found an ornate altar of the Wu Jian Council.
  3756 | D:5      | Found a shadowy altar of Dithmenos.
  3756 | D:5      | Found a blossoming altar of Fedhas.
  3813 | D:5      | HP: 19/38 [gnoll/+0 spear[a gnoll bouda] (4)]
  3814 | D:5      | Gained mutation: You have a somewhat thin skeletal
                  | structure. (Dex +2, Stealth+) [potion of mutation]
  3814 | D:5      | Gained mutation: You sometimes lose your temper in combat.
                  | [potion of mutation]
  3814 | D:5      | Gained mutation: You have large cloven feet. [potion of
                  | mutation]
  3814 | D:5      | Gained mutation: Your muscles are strong. (Str +4, Int/Dex
                  | -1) [potion of mutation]
  3817 | D:5      | Gained mutation: You have a pair of antennae on your head.
                  | [demonic ancestry]
  3817 | D:5      | Reached XP level 6. HP: 19/44 MP: 9/9
  3973 | D:5      | HP: 20/44 [gnoll/+0 halberd[a gnoll bouda] (9)]
  3989 | D:5      | HP: 16/44 [adder (3)]
  3995 | D:4      | HP: 17/44 [adder (1)]
  4225 | D:4      | HP: 22/44 [gnoll bouda/+0 whip (3)]
  4383 | D:6      | Noticed a sky beast
  4396 | D:6      | HP: 20/44 [something (6)]
  4397 | D:6      | Killed a sky beast
  4398 | D:6      | Reached skill level 7 in Maces & Flails
  4584 | D:6      | Gained mutation: Your demonic aura often causes spilled
                  | blood to erupt in flames. [demonic ancestry]
  4584 | D:6      | Reached XP level 7. HP: 33/50 MP: 10/10
  4643 | D:6      | Found a staircase to the Ecumenical Temple.
  4654 | Temple   | Entered the Ecumenical Temple
  4846 | D:6      | HP: 25/50 [killer bee (1)]
  4854 | D:6      | HP: 36/75 [killer bee (5)]
  4859 | D:6      | HP: 21/75 [poisoned by a killer bee]
  4862 | D:6      | HP: 10/75 [poisoned by a killer bee]
  4865 | D:6      | HP: 3/50 [poisoned by a killer bee]
  5062 | D:6      | Noticed a steam dragon
  5097 | D:5      | HP: 24/50 [killer bee (7)]
  5099 | D:5      | Reached skill level 8 in Maces & Flails
  5101 | D:5      | HP: 11/50 [poisoned by a killer bee]
  5105 | D:6      | HP: 5/50 [poisoned by a killer bee]
  5308 | D:5      | Became a worshipper of the Wu Jian Council
  5714 | D:5      | Reached skill level 9 in Maces & Flails
  5714 | D:5      | Gained mutation: You regenerate magic rapidly. [demonic
                  | ancestry]
  5714 | D:5      | Reached XP level 8. HP: 31/55 MP: 11/11
  6021 | D:6      | Found a hazy altar of Hepliaklqana.
  6023 | D:6      | Noticed Edmund
  6038 | D:6      | Killed Edmund
  6119 | D:6      | Reached skill level 10 in Maces & Flails
  6253 | D:6      | Found a basalt altar of Yredelemnul.
  6305 | D:6      | Reached * piety under Wu Jian
  6306 | D:6      | Reached skill level 1 in Armour
  6321 | D:6      | Reached skill level 3 in Fighting
  6443 | D:6      | Found a sparkling altar of Nemelex Xobeh.
  6514 | D:7      | Reached skill level 2 in Armour
  6514 | D:7      | Reached XP level 9. HP: 64/64 MP: 12/12
  6688 | D:7      | HP: 28/64 [orc/+0 club (5)]
  6691 | D:7      | HP: 11/96 [orc/+0 flail (5)]
  6692 | D:7      | Slain by a killer bee

Illustrated notes

Levels and vault maps discovered:
D:1:      lightli_molten_gateway, layout_loops_ring,
          ebering_ecumenical_altar_abandoned, minmay_pentomino_t2
D:2:      layout_basic, basic_altar, st_stairs_13
D:3:      layout_loops_corners, mainiacjoe_overflow_catwalk,
          gammafunk_temple_overflow_elements
D:4:      layout_loops_ring
D:5:      layout_cave_pools, nicolae_overflow_two_pavilions,
          amcnicky_altar_gilded, kb_lookout_dungeons_type
D:6:      layout_rooms, lemuel_zombie_altar_yredelemnul,
          minmay_temple_entry_water_ring, hangedman_feature_mirror,
          minivault_27, uniq_edmund
D:7:      layout_cave_pools, serial_shops, nicolae_shop_statue_plus,
          nicolae_shop_stone
Temple:   jpeg_temple_island

Skill      XL: |  1  2  3  4  5  6  7  8 |
---------------+-------------------------+-----
Maces & Flails | 3 4 5 6 7 9 10 | 10.7
Armour         | 2 |  2.3
Fighting       | 3 |  3.5
Dodging        | |  1.7
Spellcasting   | |  2.0
Conjurations   | |  3.0

Action                   |  1- 3 |  4- 6 |  7- 9 || total
-------------------------+-------+-------+-------++-------
Melee: Dagger            |   137 |   109 |       ||   246
       Mace              |    11 |       |       ||    11
       Short sword       |       |    64 |    75 ||   139
       Kick              |       |    22 |    39 ||    61
       Punch             |       |     1 |     3 ||     4
       Dire flail        |       |       |    63 ||    63
Invok: Lunge             |       |       |     7 ||     7
Evoke: Wand              |       |    10 |       ||    10
  Use: Potion            |       |     2 |     5 ||     7
 Stab: Sleeping          |     1 |       |     1 ||     2
Armor: Leather armour    |    35 |    35 |    66 ||   136
Dodge: Dodged            |    81 |    96 |    96 ||   273
Block: Other             |    20 |    34 |    25 ||    79

Table legend: (Time is in decaauts)
 A = Elapsed time spent in this place.
 B = Non-inter-level travel time spent in this place.
 C = Inter-level travel time spent in this place.
 D = Time resting spent in this place.
 E = Time spent auto-exploring this place.
 F = Levels seen in this place.
 G = Mean time per level.
                   A        B        C        D        E       F      G
               +--------+--------+--------+--------+--------+-----+--------+
         Total |   6778 |   6561 |    217 |    852 |   4606 |   8 |  847.2 |
       Dungeon |   6565 |   6365 |    200 |    852 |   4414 |   7 |  937.9 |
        Temple |    213 |    196 |     17 |      0 |    192 |   1 |  213.0 |
               +--------+--------+--------+--------+--------+-----+--------+

Top non-repeatable levels by time:
     D:4: 1290 daAuts
     D:6: 1282 daAuts
     D:5: 1232 daAuts
     D:3: 986 daAuts
     D:1: 881 daAuts
     D:2: 706 daAuts
  Temple: 213 daAuts
     D:7: 185 daAuts
